 Dungeon Crawl Stone Soup version 0.15-a0-1909-gd9acbb9 (console) character file.

5532 donnie the Martial Artist (level 10, -4/47 HPs)
             Began as a Vine Stalker Monk on July 6, 2014.
             Was the Champion of Cheibriados.
             Slain by an orc warrior
             ... wielding a +0 war axe
              (7 damage)
             ... on Level 2 of the Orcish Mines.
             The game lasted 00:25:23 (3758 turns).

donnie the Martial Artist (Vine Stalker Monk)       Turns: 3758, Time: 00:25:23

HP  -4/47        AC  6     Str 36 (39) XL: 10   Next: 71%
MP   0/21        EV 19     Int 25      God: Cheibriados [******]
Gold 525         SH  0     Dex 32      Spells:  0 memorised,  9 levels left

rFire  . . .     SeeInvis .       - Unarmed
rCold  . . .     Clarity  +     k - +0 ring mail
rNeg   . . .     rCorr    .     (no shield)
rPois  .         rRot     +     i - +0 helmet
rElec  .         Spirit   +     (no cloak)
SustAb .         Warding  .     (no gloves)
rMut   .         Stasis   .     (no boots)
Gourm  .                        O - amulet of clarity
MR     +....                    (no ring)
                                (no ring)

@: mighty, very slow, somewhat resistant to hostile enchantments, fairly
stealthy
A: fangs 3, deterioration 1, fast metabolism 1, regeneration 2, strong 1, magic
shield, antimagic bite, no device heal 3, rot immunity
a: Bend Time, Temporal Distortion, Slouch, Step From Time, Renounce Religion


You were on level 2 of the Orcish Mines.
You worshipped Cheibriados.
Cheibriados was exalted by your worship.
You were not hungry.

You visited 2 branches of the dungeon, and saw 11 of its levels.
You also visited: Ossuary.

You collected 703 gold pieces.
You spent 178 gold pieces at shops.

Inventory:

Hand weapons
 n - a +0 blowgun
 P - a +4 dagger
Missiles
 D - 8 poisoned javelins (quivered)
Armour
 i - a +0 helmet (worn)
 k - a +0 ring mail (worn)
 v - a cursed +0 scale mail
 y - a cursed +0 chain mail
 I - a +0 buckler
 J - a +0 plate armour
 Q - a +0 plate armour
Magical devices
 h - a wand of magic darts (0)
 E - a wand of frost (1)
 L - a wand of digging (16)
Comestibles
 b - 5 bread rations
 d - 4 meat rations
 K - 8 slices of pizza
 T - 2 rotting chunks of orc flesh
 U - 2 chunks of orc flesh
Scrolls
 a - 2 scrolls of magic mapping
 c - a scroll of acquirement {unknown}
 e - a scroll of immolation {unknown}
 f - a scroll of vulnerability {unknown}
 m - 4 scrolls of teleportation {unknown}
 o - a scroll of enchant weapon
 p - 2 scrolls of remove curse
 u - a scroll of random uselessness
 w - a scroll of noise {unknown}
 x - 4 scrolls of enchant armour {unknown}
 z - 4 scrolls of recharging {unknown}
 F - a scroll of amnesia {unknown}
 G - a scroll of fog {unknown}
 S - a scroll of fear {unknown}
Jewellery
 s - an uncursed amulet of resist corrosion
 O - an amulet of clarity (around neck)
Potions
 g - 2 potions of might
 j - a potion of lignification {unknown}
 l - a potion of heal wounds
 q - 4 potions of curing
 r - 3 potions of restore abilities
 t - 2 potions of poison {unknown}
 A - 3 potions of flight
 C - 3 potions of brilliance
 H - a potion of paralysis {unknown}
 M - a potion of haste {unknown}
 N - 2 potions of magic {unknown}
Books
 B - a book of Beasts

   Spells                             Type                      Level
   Summon Butterflies                 Summoning                    1
   Call Canine Familiar               Summoning                    3
   Summon Ice Beast                   Ice/Summoning                4
   Summon Mana Viper                  Hexes/Summoning              5
   Monstrous Menagerie                Summoning                    6
   Summon Hydra                       Summoning                    7
Miscellaneous
 R - a box of beasts


   Skills:
 - Level 2.6 Fighting
 + Level 6.6 Throwing
 * Level 7.3 Dodging
 - Level 2.4 Stealth
 - Level 10.2 Unarmed Combat
 - Level 6.0 Invocations


You had 9 spell levels left.
You didn't know any spells.

Dungeon Overview and Level Annotations

Branches:
Dungeon (9/15)                Orc (2/4) D:9
 Temple: D:4-7         Lair: D:8-11

Altars:
Ashenzari
Cheibriados
Dithmenos
Kikubaaqudgha
Makhleb
Trog

Shops:
D:6 *


Innate Abilities, Weirdness & Mutations

You have razor-sharp teeth.
You heal very quickly.
When hurt, damage is shared between your health and your magic reserves.
Your bite disrupts and absorbs the magic of your enemies.
Potions and wands cannot restore your health.
You are immune to rotting.
Your body is slowly deteriorating.
You have a fast metabolism.
Your muscles are strong. (Str +2)


Message History

Okay, then.
Unknown command.
Use which ability? (? or * to list)
Okay, then.
Drink which item? (? for menu, Esc to quit)
Okay, then.
Read which item? (? for menu, Esc to quit)
As you read the scroll labeled KLULLATEEM, it crumbles to dust.
It is a scroll of enchant weapon.
Enchant which weapon? (? for menu, Esc to quit)
Your glowing dagger glows red for a moment.
The orc warrior closely misses you.
The orc warrior hits you but does no damage.
The orc warrior completely misses you. The orc warrior barely misses you.
Read which item? (? for menu, Esc to quit)
As you read the scroll labeled DORACO FAPYCK, it crumbles to dust.
You experience a momentary feeling of inescapable doom!
It was a scroll of random uselessness.
The orc warrior hits you with a war axe!
You die... o +oo #oo

#.o #.o o. #o ###.#####
#....#@o## # #
##...oo.o##.## ##.##
###.#.......# #....
###.#.##.## ##....
#.....### ##...#.
##.....# #......
####.#...##.####....%.
##.#.................)<
#.....................)


You could see 4 orc warriors.

Vanquished Creatures
  An orc warlord (Orc:2)
  An orc sorcerer (Orc:1)
  The ghost of haldagan the Ruffian, an average TrTm of Cheibriados (D:5)
  A spriggan (D:8)
  A wraith (Ossuary)
  A hungry ghost (D:9)
  An ice beast (D:6)
  A black bear (D:8)
  4 orc warriors
  A necrophage (D:6)
  2 phantoms
  3 ogres
  Blork the orc (D:9)
  3 giant frogs
  A wyvern skeleton (D:8)
  A troll zombie (D:7)
  A yak skeleton (D:9)
  4 wights (D:7)
  3 vampire bats (D:7)
  A goliath beetle (D:7)
  A troll skeleton (D:7)
  6 crimson imps
  A jelly (D:9)
  5 orc priests
  A gnoll shaman (D:7)
  10 orc wizards
  A basilisk skeleton (D:9)
  4 iguanas
  A hound (D:9)
  4 worker ants
  8 ogre zombies (D:9)
  A hound skeleton (D:6)
  A mummy (Ossuary)
  11 gnolls
  10 adders
  A worm (D:3)
  4 giant mites
  A goliath beetle zombie (D:5)
  An iguana zombie (D:8)
  11 orc zombies (D:9)
  2 giant geckos
  An ooze (D:3)
  60 orcs
  10 bats
  5 bat skeletons (D:7)
  A bat zombie (D:7)
  4 giant cockroaches
  10 hobgoblins
  4 jackals (D:2)
  3 quokkas
  A ball python (D:1)
  2 giant newts
  A giant spore (D:9)
  5 gnoll skeletons (Ossuary)
  16 goblins
  A goblin skeleton (D:9)
  4 goblin zombies (D:9)
  2 hobgoblin skeletons (D:9)
  6 hobgoblin zombies (D:9)
  12 kobolds
  8 kobold skeletons (Ossuary)
  15 orc skeletons
  2 quokka zombies
  4 rats
  A rat skeleton (D:4)
  3 ballistomycetes (D:9)
299 creatures vanquished.

Notes
Turn   | Place    | Note
--------------------------------------------------------------
     0 | D:1      | donnie, the Vine Stalker Monk, began the quest for the Orb.
     0 | D:1      | Reached XP level 1. HP: 11/11 MP: 1/1
   111 | D:2      | Reached XP level 2. HP: 7/16 MP: 0/3
   179 | D:1      | Reached skill level 5 in Unarmed Combat
   179 | D:1      | Reached XP level 3. HP: 7/19 MP: 2/4
   424 | D:2      | Found a snail-covered altar of Cheibriados.
   435 | D:2      | Became a worshipper of Cheibriados the Contemplative
   651 | D:2      | Reached skill level 1 in Invocations
   651 | D:2      | Reached XP level 4. HP: 23/23 MP: 5/5
   831 | D:3      | Reached XP level 5. HP: 27/27 MP: 8/8
   863 | D:3      | Acquired Cheibriados' first power
  1067 | D:3      | Found a shadowy altar of Dithmenos.
  1301 | D:4      | Noticed an ogre
  1307 | D:4      | Killed an ogre
  1307 | D:4      | Gained mutation: You heal very quickly. [vine stalker growth]
  1307 | D:4      | Reached XP level 6. HP: 17/32 MP: 6/12
  1381 | D:4      | Reached skill level 6 in Unarmed Combat
  1383 | D:4      | Acquired Cheibriados' second power
  1472 | D:5      | Entered Level 5 of the Dungeon
  1535 | D:5      | Found a bloodstained altar of Trog.
  1613 | D:5      | Found a sand-covered staircase.
  1623 | Ossuary  | Entered an ossuary
  1623 | Ossuary  | Noticed a wraith
  1623 | Ossuary  | Noticed a wraith
  1623 | Ossuary  | Noticed a wraith
  1674 | Ossuary  | Gained mutation: Your muscles are strong. (Str +2) [potion of mutation]
  1674 | Ossuary  | Gained mutation: You have a fast metabolism. [potion of mutation]
  1674 | Ossuary  | Gained mutation: Your body is slowly deteriorating. [potion of mutation]
  1743 | Ossuary  | Acquired Cheibriados' third power
  1756 | Ossuary  | Reached XP level 7. HP: 35/35 MP: 14/14
  1764 | Ossuary  | Noticed a wraith
  1785 | Ossuary  | Killed a wraith
  1884 | D:5      | Reached skill level 7 in Unarmed Combat
  1904 | D:5      | Noticed haldagan's ghost (average TrTm)
  1912 | D:5      | Killed haldagan's ghost
  1912 | D:5      | Gained mutation: You have razor-sharp teeth. [vine stalker growth]
  1912 | D:5      | Reached XP level 8. HP: 20/39 MP: 15/18
  1960 | D:5      | Reached skill level 5 in Invocations
  2073 | D:6      | Found Stoa's Assorted Antiques.
  2082 | D:6      | Bought a pink potion for 16 gold pieces
  2082 | D:6      | Bought a glowing agate ring for 90 gold pieces
  2107 | D:6      | Reached skill level 8 in Unarmed Combat
  2238 | D:6      | Bought a runed silver wand for 72 gold pieces
  2309 | D:6      | Reached skill level 1 in Throwing
  2402 | D:7      | Found an ancient bone altar of Kikubaaqudgha.
  2462 | D:7      | Reached XP level 9. HP: 43/43 MP: 18/20
  2581 | D:7      | Reached skill level 9 in Unarmed Combat
  2725 | D:7      | Found a flagged portal.
  2905 | D:8      | Reached skill level 10 in Unarmed Combat
  2918 | D:8      | Found a shattered altar of Ashenzari.
  3200 | D:9      | Noticed Blork the orc
  3215 | D:9      | Killed Blork the orc
  3284 | D:9      | Found a staircase to the Orcish Mines.
  3336 | D:9      | Reached skill level 5 in Throwing
  3347 | D:9      | Reached skill level 5 in Dodging
  3377 | Orc:1    | Entered Level 1 of the Orcish Mines
  3403 | Orc:1    | Reached XP level 10. HP: 40/47 MP: 19/21
  3438 | Orc:1    | Noticed an orc sorcerer
  3444 | Orc:1    | Killed an orc sorcerer
  3685 | Orc:2    | Found a burning altar of Makhleb.
  3740 | Orc:2    | Noticed an orc warlord
  3741 | Orc:2    | Noticed an orc warlord
  3753 | Orc:2    | Killed an orc warlord
  3756 | Orc:2    | HP: 2/47 [orc warrior/war axe (5)]
  3758 | Orc:2    | Slain by an orc warrior

Action                   |  1- 3 |  4- 6 |  7- 9 | 10-12 || total
-------------------------+-------+-------+-------+-------++-------
Melee: Unarmed           |    92 |   174 |   274 |    92 ||   632
Throw: Javelin           |       |       |     3 |       ||     3
Invok: Bend Time         |       |     1 |     2 |     5 ||     8
       Slouch            |       |       |     1 |       ||     1
       Temporal Distorti |       |       |       |     1 ||     1
Evoke: Wand              |     4 |     3 |     6 |     4 ||    17
  Use: Scroll            |       |     8 |     4 |     2 ||    14
       Potion            |       |     1 |       |     1 ||     2
 Stab: Sleeping          |     3 |     2 |     3 |       ||     8
       Paralysed         |       |     1 |       |       ||     1
  Eat: Chunk             |       |     1 |     2 |     2 ||     5
       Pizza             |       |       |     1 |       ||     1
       Beef jerky        |       |       |     1 |       ||     1
       Royal jelly       |       |       |     1 |       ||     1
